 Dungeon Crawl Stone Soup version 0.20.1-1-g8b1a95d (webtiles) character file.

1604652 Ic0n the Slayer (level 27, 157/157 HPs)
             Began as a Gargoyle Monk on June 29, 2017.
             Was a High Priest of Hepliaklqana.
             Escaped with the Orb
             ... and 3 runes on July 8, 2017!
             The game lasted 06:02:20 (85774 turns).

Ic0n the Slayer (Gargoyle Monk)                    Turns: 85774, Time: 06:02:21

Health: 157/157    AC: 66    Str: 26    XL:     27
Magic:  26/27      EV: 15    Int: 10    God:    Hepliaklqana [*****.]
Gold:   3896       SH: 28    Dex: 16    Spells: 21/26 levels left

rFire    + + .     SeeInvis +   b - +4 trishula (holy)
rCold    + . .     Gourm    +   B - +2 large shield
rNeg     + + .     Faith    .   x - +4 gold dragon scales
rPois    ∞         Spirit   .   C - +2 helmet {SInv}
rElec    +         Reflect  .   t - +2 cloak {MR+}
rCorr    .         Harm     .   H - +2 pair of gloves of Fedhas {rN+ Regen+ Int-3 Dex+2}
MR       +++++                  g - +2 pair of boots {run}
Stlth    ..........             K - amulet of the gourmand
Regen    0.8/turn               w - ring of protection from fire
MPRegen  0.2/turn               T - ring of protection from magic

@: flying, quick
A: reduced essence, big wings, agile 1, frail 1, low mp 1, magic resistance 1,
negative energy resistance 1, screaming 1, electricity resistance, unbreathing,
petrification resistance, rot immunity, MP-powered wands, AC +20
0: Orb of Zot
}: 3/15 runes: decaying, serpentine, abyssal
a: Stop Flying, Recall Ancestor, Ancestor Identity, Transference, Idealise,
Renounce Religion


You escaped.
You worshipped Hepliaklqana.
Hepliaklqana was extremely pleased with you.
You were very full.

You visited 10 branches of the dungeon, and saw 49 of its levels.
You visited the Abyss 1 time.

You collected 6721 gold pieces.
You spent 2825 gold pieces at shops.

Inventory:

Hand Weapons
 a - a +9 demon trident of electrocution
 b - a +4 trishula of holy wrath (weapon)
 E - the +6 broad axe of Teotum {freeze, Fragile Int+5 Dex+4}
   (You found it on level 3 of the Elven Halls)

   It has been specially enchanted to freeze those struck by it, causing extra
   injury to most foes and up to half again as much damage against particularly
   susceptible opponents.
   It can also slow down cold-blooded creatures.
   It affects your intelligence (+5).
   It affects your dexterity (+4).
   It will be destroyed if unequipped.
Armour
 g - a +2 pair of boots of running (worn)
 t - a +2 cloak of magic resistance (worn)
 x - +4 gold dragon scales (worn)
 B - a +2 large shield (worn)
 C - a +2 helmet of see invisible (worn)
 H - the +2 pair of gloves of Fedhas (worn) {rN+ Regen+ Int-3 Dex+2}
   (You bought it in a shop on level 1 of the Depths)

   It affects your intelligence (-3).
   It affects your dexterity (+2).
   It protects you from negative energy.
   It increases your rate of regeneration.
Jewellery
 v - the ring "Tuwnukle" {rC+ Str+6 SInv}
   (You took it off an ogre mage on level 4 of the Vaults)

   [ring of protection from cold]

   It affects your strength (+6).
   It protects you from cold.
   It lets you see invisible.
 w - a ring of protection from fire (left hand)
 K - an amulet of the gourmand (around neck)
 Q - an uncursed ring of resist corrosion
 T - a ring of protection from magic (right hand)
 Z - an uncursed ring of protection from cold
Wands
 e - a wand of digging (15/24)
 o - a wand of lightning (7/15)
 G - a wand of acid (6/15)
Scrolls
 i - 7 scrolls of recharging
 j - 20 scrolls of teleportation
 l - a scroll of silence
 n - 3 scrolls of fog
 q - 3 scrolls of brand weapon
 s - 18 scrolls of remove curse
 A - a scroll of summoning
 D - 12 scrolls of amnesia
 F - a scroll of magic mapping
 L - 4 scrolls of fear
 O - 2 scrolls of holy word
 R - 16 scrolls of identify
 W - 4 scrolls of blinking
Potions
 d - a potion of resistance
 h - 2 potions of ambrosia
 k - 8 potions of cancellation
 r - 6 potions of lignification
 u - 2 potions of haste
 y - a potion of might
 z - 13 potions of curing
 I - 3 potions of mutation
 J - 6 potions of heal wounds
 N - 3 potions of agility
 S - 2 potions of berserk rage
 U - 2 potions of invisibility
Miscellaneous
 f - a lightning rod (2/4)
 p - 3 phantom mirrors
Comestibles
 c - 28 bread rations
 m - 41 meat rations
 M - 34 fruits
 P - 23 royal jellies


   Skills:
 + Level 26.6 Fighting
 - Level 12.7(17.0) Axes
   Level 13.5(15.6) Maces & Flails
 - Level 14.9(16.5) Polearms
 + Level 24.5 Armour
 + Level 15.7 Dodging
 - Level 2.1 Stealth
 + Level 24.1 Shields
 - Level 10.1 Invocations


You had 21 spell levels left.
You knew the following spells:

 Your Spells              Type           Power        Failure   Level  Hunger
a - Animate Skeleton      Necr           N/A          98%         1    ##.....
b - Apportation           Tloc           #.....       98%         1    ##.....
c - Blink                 Tloc           N/A          99%         2    ###....
d - Summon Butterflies    Summ           #.......     98%         1    ##.....


Dungeon Overview and Level Annotations

Branches:
Dungeon (15/15)            Temple (1/1) D:4            Lair (6/6) D:8
  Swamp (4/4) Lair:3        Snake (4/4) Lair:2        Slime (0/5) Lair:6
    Orc (2/2) D:9             Elf (3/3) Orc:2        Vaults (4/5) D:13
  Crypt (0/3) Vaults:3     Depths (5/5) D:15            Zot (5/5) Depths:5

Altars:
Gozag
Hepliaklqana
Makhleb
Okawaru
Ru
Sif Muna
Trog
Vehumet
Xom
Zin
Beogh
Jiyva

Shops:
D:6 [   D:7 (   Orc:1 %   Orc:2 ??(}   Vaults:2 *   Depths:1 [   Depths:3 =

Portals:
Hell: Depths:1 Depths:2 Depths:3 Depths:4 Depths:5
Abyss: Depths:2 Depths:3 Depths:4
Pandemonium: Orc:2 Depths:1 Depths:3 Depths:5
Ziggurat: Depths:1

Annotations:
Elf:2 3 runed doors
Depths:4 Boris


Innate Abilities, Weirdness & Mutations

You are resistant to torment.
Your stone body is resilient. (AC +20)
You are immune to poison.
Your large and strong wings let you fly indefinitely.
You resist negative energy. (rN+)
You are resistant to electric shocks. (rElec)
You can survive without breathing.
You are immune to petrification.
You are immune to rotting.
Your life essence is reduced to manifest your ancestor. (-10% HP)
You are agile. (Dex +2)
You are frail. (-10% HP)
Your magical capacity is low. (-10% MP)
You are resistant to hostile enchantments. (MR+)
You occasionally shout uncontrollably at your foes.
You expend magic power (3 MP) to strengthen your wands.


Message History

There is a stone staircase leading down here.
There is a staircase leading out of the dungeon here.
A smoke demon comes into view.
There is a staircase leading out of the dungeon here.
There is a stone staircase leading down here.
You puncture the smoke demon!
The smoke demon convulses.
The smoke demon is heavily wounded.
You block the smoke demon's attack. x3
You puncture the smoke demon!
The smoke demon convulses!
The smoke demon is almost dead.
You block the smoke demon's attack.
The smoke demon hits you but does no damage.
You block the smoke demon's attack.
You impale the smoke demon!!
You kill the smoke demon!
There is a stone staircase leading down here.
Celandrion is recalled.
There is a staircase leading out of the dungeon here.
There is a staircase leading out of the dungeon here.
You have escaped!

.# #####.#####.#.# ##.## .#
####.............# ##...# .#
#....###.###.....####..... )#
##.######.# #.............. .#
#.......#.#####.#.####.....
.######..####...........# ##...#
.....##..# #..##'#...### ##.##
.###.##..####.###.##..########...
.# #.##....##.'.@>.'...#.........
.# #(##.......###R##.......###...
####.##..§§≈≈.§##'#..≈≈≈≈..# #...
....)#..§§§≈≈≈§§....≈≈≈≈≈≈.###..)
.......§§≈≈≈≈§§.....≈≈≈≈≈≈.......
#######§§§≈≈≈≈).....≈≈≈≈≈≈.###...
##### #§.§≈≈≈....#...≈≈≈≈........
....# ##.......#.##.......#######
###.# ###..####.......####


You could see the friendly Celandrion the hexer.

Vanquished Creatures
  Tiamat (Zot:1)
  An orb of fire (Zot:5)
  Mennas (Depths:2)
  Mara (Depths:3)
  5 ancient liches
  3 juggernauts
  Vashnia (Snake:3)
  Bai Suzhen (Snake:3)
  3 curse toes
  A caustic shrike (Depths:5)
  8 golden dragons
  6 Killer Klowns
  Nikola (Depths:1)
  the Enchantress (D:15)
  3 bone dragons
  The ghost of rezek the Peltast, an adept FoFi of Ru (Elf:3)
  3 electric golems
  15 tentacled monstrosities
  8 liches
  8 quicksilver dragons
  Asterion (Depths:3)
  19 Orb Guardians
  3 titans
  A deep elf blademaster (Elf:3)
  A deep elf master archer (Elf:3)
  A sphinx (Vaults:4)
  8 death cobs
  8 tentacled starspawn
  5 shadow dragons
  11 tengu reavers
  14 storm dragons
  A thorn hunter (Swamp:4)
  5 fire giants
  6 draconian monks
  6 nagarajas
  14 vault wardens
  A ghost moth (Zot:4)
  6 draconian scorchers
  11 frost giants
  A cacodemon (Zot:5)
  2 deep elf sorcerers (Elf:3)
  7 draconian shifters
  2 reapers (Abyss:1)
  3 iron dragons
  9 draconian knights
  5 deep elf elementalists (Elf:3)
  11 ironheart preservers
  4 spriggan defenders
  11 very ugly things
  5 draconian stormcallers
  7 draconian annihilators
  A ghoul (Vaults:4)
  17 stone giants
  13 starcursed masses
  12 purple draconians
  4 vampire knights
  12 green draconians
  12 deep elf demonologists
  An entropy weaver (Vaults:4)
  11 red draconians
  2 lorocyprocas
  Azrael (Elf:2)
  13 black draconians
  5 deep elf annihilators
  A dire elephant (Lair:6)
  11 yellow draconians
  9 white draconians
  An eidolon (Abyss:1)
  Snorg (D:10)
  12 spark wasps
  10 ettins
  11 fire dragons
  5 deep elf death magi (Elf:3)
  17 yaktaur captains
  A deep elf high priest (Elf:3)
  Erolcha (D:9)
  4 great orbs of eyes
  3 rakshasas
  13 naga warriors
  A hydra (shapeshifter) (Depths:5)
  13 ice dragons
  8 vault guards
  A ghost crab (Swamp:2)
  21 hydras
  10 centaur warriors
  5 spriggan air magi
  9 ogre magi
  6 anacondas
  3 death yaks (Lair:6)
  22 two-headed ogres
  7 deep troll shamans
  A death knight (Vaults:4)
  5 alligators
  9 tengu warriors
  2 vampire magi
  14 dancing weapons
  4 orc high priests (Orc:2)
  7 deep troll earth magi
  5 spriggan berserkers
  8 thrashing horrors
  7 shock serpents
  3 sun demons
  5 wretched stars
  17 deep elf knights
  8 hell knights
  18 naga sharpshooters
  A soul eater (D:14)
  3 iron trolls
  A spark wasp zombie (Depths:1)
  A shadow wraith (Vaults:1)
  2 salamander mystics
  6 sixfirhies
  A death drake (shapeshifter) (Depths:4)
  An infernal demonspawn (Depths:1)
  A flayed ghost (Depths:3)
  2 spriggan druids
  3 spatial maelstroms (Abyss:3)
  2 glowing orange brains
  6 swamp dragons
  28 deep trolls
  2 gelid demonspawn (Orc:2)
  A glowing orange brain (shapeshifter) (Depths:5)
  11 wizards
  7 unseen horrors
  3 shambling mangroves
  A phantasmal warrior (Vaults:4)
  10 ironbrand convokers
  15 orc knights
  3 harpies (Vaults:1)
  65 deep elf magi
  9 naga ritualists
  14 deep elf archers
  A harpy (shapeshifter) (Abyss:3)
  6 cyclopes
  6 orc sorcerers
  2 wolf spiders
  11 mana vipers
  A mana viper (shapeshifter) (Vaults:4)
  A wolf spider (shapeshifter) (Vaults:1)
  3 manticores
  26 slime creatures
  3 worldbinders
  44 ugly things
  28 moths of wrath
  A cyclops (shapeshifter) (Depths:5)
  An orb spider (Abyss:3)
  3 salamanders (shapeshifter)
  21 salamanders
  4 elephants (Lair:6)
  Maurice (Orc:1)
  A fire giant skeleton (Depths:1)
  An oklob plant (D:10)
  A guardian serpent (shapeshifter) (Depths:5)
  2 rust devils
  3 apocalypse crabs
  9 vault sentinels
  33 black mambas
  11 guardian serpents
  A frost giant skeleton (Abyss:3)
  32 naga magi
  A torpor snail (Lair:2)
  2 orange demons
  11 smoke demons
  17 spiny frogs
  4 spectral swamp worms (Depths:3)
  A water nymph (shapeshifter) (Depths:1)
  An eye of devastation (shapeshifter) (Vaults:4)
  A hellion (Abyss:3)
  A gargoyle (D:11)
  A spiny frog (shapeshifter) (D:13)
  4 rime drakes
  2 kobold demonologists
  A demonic crawler (Abyss:2)
  5 freezing wraiths
  61 yaktaurs
  7 hellwings
  A komodo dragon (shapeshifter) (Vaults:1)
  4 ice devils
  4 komodo dragons
  4 tengu conjurers
  2 trolls
  A red devil (Depths:5)
  A jumping spider (Vaults:4)
  2 trolls (shapeshifter)
  4 ancient zymes
  A polar bear (shapeshifter) (Vaults:4)
  3 tyrant leeches
  A hornet (shapeshifter) (Depths:1)
  7 blink frogs
  10 hippogriffs
  6 polar bears
  8 bog bodies
  A meliai zombie (D:14)
  9 raiju
  9 hornets
  An ettin zombie (Depths:1)
  A dream sheep (shapeshifter) (Depths:5)
  2 dream sheep (D:10)
  A redback (Vaults:4)
  8 air elementals
  Sigmund (D:2)
  A tarantella (Vaults:4)
  7 ynoxinuls
  3 shadows
  A tarantella (shapeshifter) (Elf:3)
  4 wraiths
  8 spriggans
  4 water elementals
  4 fire elementals
  9 wyverns
  Eustachio (D:5)
  46 yaks
  2 vampires
  A fire bat (Abyss:3)
  3 hungry ghosts
  A steam dragon (D:11)
  10 chaos spawn
  5 basilisks
  6 neqoxecs
  26 vampire mosquitoes
  A spatial vortex (Abyss:3)
  23 large abominations
  A warg (shapeshifter) (Abyss:3)
  Menkaure (D:6)
  2 acid dragons (Vaults:2)
  A harpy simulacrum (Abyss:1)
  4 wargs
  51 nagas
  14 swamp worms
  4 insubstantial wisps
  2 soldier ants (D:14)
  4 hell hounds
  A floating eye (Depths:5)
  12 water moccasins
  3 ice beasts
  39 orc warriors
  7 porcupines
  3 sky beasts
  A black bear (Lair:6)
  An eye of draining (shapeshifter) (Vaults:4)
  An eye of draining (Abyss:2)
  A snapping turtle zombie (Abyss:2)
  4 phantoms
  26 ogres
  12 swamp drakes
  13 centaurs
  A boggart (shapeshifter) (Vaults:1)
  6 boggarts
  7 wolves
  8 hexers
  8 crocodiles
  19 big kobolds
  A wyvern zombie (D:15)
  12 bullfrogs
  2 earth elementals (Elf:2)
  2 scorpions
  An elf simulacrum (Vaults:3)
  3 water moccasin skeletons
  11 wights
  4 electric eels
  2 howler monkeys
  16 small abominations
  10 crimson imps
  6 jellies
  10 quasits
  2 bullfrog zombies
  2 human simulacra
  4 centaur zombies
  4 hounds
  30 orc priests
  2 bullfrog skeletons
  An iron imp (Depths:5)
  19 orc wizards
  2 centaur skeletons
  4 iguanas
  5 worker ants
  A centaur simulacrum (Abyss:3)
  A hound zombie (D:9)
  2 hound skeletons
  3 gnolls
  10 adders
  6 shadow imps
  7 white imps
  5 ufetubi
  An adder skeleton (D:5)
  2 worms (D:2)
  A dart slug (D:4)
  3 leopard geckos
  80 orcs
  3 giant cockroaches
  8 goblins
  6 hobgoblins
  9 jackals
  A quokka (D:2)
  3 ball pythons
  5 bats
  5 frilled lizards
  25 kobolds
  2 leopard gecko zombies
  7 rats
  2 crawling corpses (Elf:3)
  A plant (Lair:4)
  3 starspawn tentacles
2132 creatures vanquished.

Vanquished Creatures (collateral kills)
  5 orbs of fire
  An ancient lich (Zot:5)
  A juggernaut (Depths:5)
  The ghost of tidbits the Severer, a veteran DgWn (Zot:5)
  A Killer Klown (Zot:5)
  4 golden dragons
  A bone dragon (Abyss:2)
  Jorgrun (Depths:5)
  An electric golem (Zot:5)
  7 tentacled monstrosities
  7 Orb Guardians (Zot:5)
  A deep elf blademaster (Elf:3)
  A titan (Depths:3)
  A deep elf master archer (Elf:3)
  2 quicksilver dragons
  3 liches
  Gastronok (D:8)
  2 tentacled starspawn (Abyss:1)
  2 sphinxes
  2 death cobs
  2 tengu reavers (Depths:5)
  2 storm dragons
  Aizul (Depths:3)
  A vault warden (Vaults:4)
  Louise (Snake:4)
  2 fire giants
  A draconian knight (Zot:4)
  A nagaraja (Snake:4)
  An orc warlord (Vaults:1)
  A deep elf sorcerer (Depths:3)
  A deep elf elementalist (Elf:3)
  3 draconian scorchers
  2 draconian annihilators
  2 spriggan defenders
  3 draconian stormcallers
  A draconian shifter (Zot:1)
  2 stone giants (Depths:2)
  4 ironheart preservers
  2 very ugly things
  4 black draconians
  2 vampire knights (Depths:2)
  A deep elf demonologist (Elf:3)
  A lorocyproca (Zot:3)
  A deep elf annihilator (Elf:3)
  2 purple draconians
  4 green draconians
  2 yellow draconians
  A white draconian (Zot:2)
  A spark wasp (Depths:5)
  5 red draconians
  2 deep elf death magi (Elf:3)
  An ettin (Depths:5)
  4 fire dragons
  5 vault guards
  4 naga warriors
  4 ice dragons
  A catoblepas (Lair:6)
  2 yaktaur captains
  6 hydras
  A centaur warrior (D:14)
  5 two-headed ogres
  A death yak (Lair:6)
  2 dancing weapons
  A tengu warrior (Depths:1)
  An orc high priest (Orc:2)
  2 ogre magi (Depths:1)
  3 deep troll shamans
  A naga sharpshooter (Snake:4)
  A shock serpent (Snake:2)
  A thrashing horror (Abyss:3)
  A vampire mage (Depths:1)
  A deep troll earth mage (Depths:2)
  A sun demon (Depths:3)
  2 deep elf knights
  A wretched star (Abyss:1)
  A sixfirhy (Abyss:3)
  A salamander mystic (Snake:4)
  A flayed ghost (Depths:5)
  A spatial maelstrom (Abyss:2)
  2 shadow demons
  A gelid demonspawn (Orc:2)
  A shambling mangrove (Swamp:2)
  7 deep elf archers
  4 deep trolls
  A lindwurm (Lair:6)
  2 orc knights
  8 ugly things
  A necromancer (D:15)
  An ironbrand convoker (Vaults:1)
  A mana viper (Snake:1)
  2 orc sorcerers (Orc:2)
  A wolf spider (shapeshifter) (Depths:3)
  3 deep elf magi
  2 cyclopes
  2 moths of wrath
  3 salamanders
  3 black mambas
  3 elephants (Lair:6)
  A rust devil (Depths:3)
  3 spiny frogs
  4 naga magi (Snake:4)
  2 vault sentinels
  The ghost of vishdafish the Chopper, a novice FoFi (D:7)
  3 rime drakes (Lair:4)
  8 yaktaurs
  A spectral swamp worm (Depths:3)
  An ice devil (Abyss:2)
  3 starcursed masses (Abyss:2)
  A yaktaur (shapeshifter) (Vaults:1)
  A freezing wraith (Vaults:2)
  A hellwing (Abyss:3)
  An efreet (Abyss:2)
  A tengu conjurer (Depths:3)
  A red devil (Depths:3)
  A tyrant leech (Swamp:4)
  3 hornets
  13 slime creatures
  A bog body (Swamp:4)
  A meliai zombie (D:13)
  A raiju (Abyss:2)
  A blink frog (Lair:4)
  5 hippogriffs
  2 small abominations
  2 water elementals (Depths:2)
  8 yaks
  A shadow (D:14)
  4 spriggans
  A redback (Vaults:4)
  3 fire bats (Abyss:3)
  5 large abominations
  3 wyverns
  5 vampire mosquitoes
  A steam dragon (D:8)
  A fire elemental (Elf:1)
  A chaos spawn (Abyss:3)
  A hungry ghost (D:9)
  A warg (D:9)
  A soldier ant (D:11)
  5 swamp worms
  6 nagas
  5 water moccasins
  4 porcupines
  3 swamp drakes
  2 ice beasts
  An ice beast (shapeshifter) (Vaults:1)
  12 orc warriors
  3 black bears
  A sky beast (D:13)
  A phantom (D:4)
  6 ogres
  4 centaurs
  7 crocodiles
  6 big kobolds (D:9)
  10 bullfrogs
  A wyvern skeleton (D:6)
  A scorpion (D:8)
  A howler monkey (D:8)
  A wight (D:11)
  4 crimson imps
  A bullfrog zombie (D:9)
  2 hounds (D:7)
  9 orc priests
  5 iguanas
  An iron imp (Orc:1)
  A jelly (D:5)
  3 centaur skeletons
  8 worker ants
  8 orc wizards
  A worker ant zombie (D:10)
  A gnoll (D:3)
  9 adders
  2 ufetubi
  An adder skeleton (D:7)
  An adder zombie (D:7)
  A worm (D:2)
  2 leopard geckos
  37 orcs
  2 bats
  A goblin (D:3)
  4 jackals
  6 kobolds
  3 quokkas
  A frilled lizard (D:4)
  A rat (D:4)
  A fungus (Lair:5)
  A plant (Lair:6)
  2 starspawn tentacles
506 creatures vanquished.

Vanquished Creatures (others)
  A fire giant (D:15)
  A black draconian (Zot:2)
  A deep elf knight (Elf:1)
  A deep elf archer (Elf:3)
  An ugly thing (Depths:2)
  A salamander (Snake:3)
  A cyclops (D:11)
  A moth of wrath (Zot:5)
  An orange demon (Zot:5)
  A yaktaur (Depths:4)
  A wraith (Vaults:1)
  A vampire mosquito (Swamp:4)
  2 insubstantial wisps (Swamp:2)
  2 nagas (Snake:4)
  A swamp drake (Swamp:4)
  An orc warrior (Vaults:1)
  A boggart (Depths:4)
  100 hexers
  A worm (Abyss:3)
  A ball lightning (Zot:5)
  An orc (Vaults:1)
  3 kobolds (Abyss:1)
  2 briar patches (Swamp:4)
  16 fungi
  A lurking horror (Abyss:2)
  9 plants
  21 starspawn tentacles
174 creatures vanquished.

Grand Total: 2812 creatures vanquished

Notes
Turn   | Place    | Note
-------+----------+-------------------------------------------
     0 | D:1      | Ic0n the Gargoyle Monk began the quest for the Orb.
     0 | D:1      | Reached XP level 1. HP: 14/14 MP: 1/1
   311 | D:1      | Reached XP level 2. HP: 18/19 MP: 2/2
   759 | D:1      | Reached skill level 1 in Armour
  1059 | D:2      | Reached XP level 3. HP: 23/23 MP: 3/3
  1427 | D:2      | Noticed Sigmund
  1507 | D:2      | Reached XP level 4. HP: 14/29 MP: 4/4
  1725 | D:2      | Found a hazy altar of Hepliaklqana.
  1781 | D:2      | Became a worshipper of Hepliaklqana the Forgotten
  1781 | D:2      | Reached * piety under Hepliaklqana
  1781 | D:2      | Reached ** piety under Hepliaklqana
  1787 | D:2      | Remembered your ancestor Celandrion as a hexer
  1990 | D:2      | Killed Sigmund
  1990 | D:2      | Reached skill level 4 in Fighting
  1990 | D:2      | Reached XP level 5. HP: 19/30 MP: 5/5
  1990 | D:2      | Reached XP level 6. HP: 23/35 MP: 6/6
  2767 | D:3      | Found a bloodstained altar of Trog.
  3675 | D:4      | Found a staircase to the Ecumenical Temple.
  3685 | Temple   | Entered the Ecumenical Temple
  4138 | D:4      | Reached XP level 7. HP: 36/39 MP: 7/7
  4151 | D:4      | Learned a level 1 spell: Animate Skeleton
  4153 | D:4      | Learned a level 1 spell: Apportation
  4195 | D:4      | Reached skill level 5 in Fighting
  4209 | D:4      | Reached *** piety under Hepliaklqana
  4294 | D:4      | Reached skill level 5 in Maces & Flails
  4514 | D:5      | Entered Level 5 of the Dungeon
  4519 | D:5      | Found an iron altar of Okawaru.
  5102 | D:5      | Reached XP level 8. HP: 35/45 MP: 8/8
  5651 | D:5      | Found a deep blue altar of Sif Muna.
  5851 | D:5      | Reached skill level 5 in Armour
  6227 | D:6      | Reached skill level 6 in Fighting
  6236 | D:6      | Noticed Eustachio
  6358 | D:5      | HP: 2/45 [white imp/puff of frost[Eustachio] (10)]
  6360 | D:5      | Killed Eustachio
  6494 | D:6      | Found Foer's Armour Boutique.
  6499 | D:6      | Bought a +0 pair of gloves for 67 gold pieces
  6541 | D:6      | Reached skill level 5 in Dodging
  6552 | D:6      | Noticed Menkaure
  6708 | D:6      | Killed Menkaure
  6708 | D:6      | Reached XP level 9. HP: 21/50 MP: 9/9
  7123 | D:6      | Found a sacrificial altar of Ru.
  7123 | D:6      | Found an opulent altar of Gozag.
  7198 | D:6      | Reached skill level 7 in Fighting
  7566 | D:6      | Paralysed by an orc warrior for 7 turns
  7662 | D:6      | Reached **** piety under Hepliaklqana
  7930 | D:7      | Got a faintly glowing short sword
  7978 | D:7      | Noticed vishdafish's ghost (novice FoFi)
  8028 | D:7      | Killed vishdafish's ghost
  8216 | D:7      | Found Hadwocuh's Antique Weapon Shop.
  8876 | D:7      | Found a radiant altar of Vehumet.
  9148 | D:8      | Reached skill level 8 in Fighting
  9374 | D:8      | Found a burning altar of Makhleb.
  9459 | D:8      | Reached XP level 10. HP: 54/57 MP: 10/10
  9665 | D:8      | Noticed a two-headed ogre
  9672 | D:8      | Killed a two-headed ogre
  9799 | D:8      | Found a staircase to the Lair.
  9923 | D:8      | Noticed Gastronok
  9935 | D:8      | Killed Gastronok
  9935 | D:8      | Reached skill level 9 in Fighting
 10326 | D:9      | Noticed a two-headed ogre
 10350 | D:9      | Reached XP level 11. HP: 39/63 MP: 11/11
 10944 | D:9      | Reached skill level 10 in Fighting
 10971 | D:9      | Noticed Erolcha
 11050 | Lair:1   | Entered Level 1 of the Lair of Beasts
 11050 | Lair:1   | Reached ***** piety under Hepliaklqana
 11079 | Lair:1   | Reached skill level 1 in Shields
 11881 | Lair:1   | Reached skill level 10 in Armour
 12256 | Lair:1   | Upgraded the game from 0.20.0-15-g7f486f2 to 0.20.1-1-g8b1a95d
 12319 | Lair:2   | Reached skill level 10 in Maces & Flails
 12530 | Lair:2   | Reached XP level 12. HP: 71/71 MP: 12/12
 12603 | Lair:2   | Found a staircase to the Snake Pit.
 12637 | Lair:2   | Reached skill level 1 in Invocations
 12856 | Lair:2   | Reached skill level 11 in Fighting
 13292 | Lair:3   | Found a staircase to the Swamp.
 13528 | Lair:3   | Noticed a four-headed hydra
 13538 | Lair:3   | Killed a four-headed hydra
 13689 | Lair:3   | Noticed a five-headed hydra
 14440 | Lair:4   | Reached ****** piety under Hepliaklqana
 14502 | Lair:4   | Noticed a five-headed hydra
 14797 | Lair:4   | Noticed an eight-headed hydra
 14974 | Lair:4   | Killed an eight-headed hydra
 15380 | Lair:3   | Killed a five-headed hydra
 15380 | Lair:3   | Reached skill level 5 in Invocations
 15890 | Lair:3   | Reached XP level 13. HP: 61/76 MP: 17/17
 15972 | Lair:4   | Reached skill level 12 in Fighting
 18081 | Lair:5   | Got a twisted shortbow
 18093 | Lair:6   | Entered Level 6 of the Lair of Beasts
 18656 | Lair:6   | Found a staircase to the Slime Pits.
 18656 | Lair:6   | Found a viscous altar of Jiyva.
 18798 | Lair:6   | Reached skill level 13 in Fighting
 19082 | Lair:6   | Gained mutation: Your large and strong wings let you fly indefinitely. [Gargoyle growth]
 19082 | Lair:6   | Reached XP level 14. HP: 79/84 MP: 18/20
 20169 | Lair:6   | Noticed a dire elephant
 20189 | Lair:6   | Killed a dire elephant
 20864 | D:9      | Killed Erolcha
 21135 | D:9      | Found a staircase to the Orcish Mines.
 21143 | D:9      | Found a roughly hewn altar of Beogh.
 21590 | D:10     | Entered Level 10 of the Dungeon
 21625 | D:10     | Noticed Snorg
 22349 | D:10     | Killed Snorg
 22457 | D:10     | Got a faintly glowing leather armour
 22458 | D:10     | Identified the +3 leather armour of Honour {rC++} (You found it on level 10 of the Dungeon)
 22919 | D:10     | Found a deep blue altar of Sif Muna.
 23086 | D:10     | Identified the Collected Works on Entrancing Talismans
 23308 | D:11     | Reached skill level 14 in Fighting
 24933 | D:12     | Reached XP level 15. HP: 87/90 MP: 22/22
 25053 | D:13     | Reached skill level 10 in Invocations
 25298 | D:13     | Found a frozen archway.
 26015 | D:7      | Bought a runed demon trident for 468 gold pieces
 26107 | Orc:1    | Entered Level 1 of the Orcish Mines
 26224 | D:9      | Reached skill level 1 in Polearms
 26420 | Orc:1    | Noticed Maurice
 26718 | Orc:1    | Killed Maurice
 26766 | Orc:1    | Learned a level 2 spell: Blink
 26917 | Orc:2    | Entered Level 2 of the Orcish Mines
 27348 | Orc:2    | Found a staircase to the Elven Halls.
 28779 | D:13     | Found a gate to the Vaults.
 29498 | D:14     | Reached skill level 5 in Polearms
 29682 | D:14     | Identified a scroll of acquirement
 30008 | D:15     | Entered Level 15 of the Dungeon
 30087 | D:15     | Found a sacrificial altar of Ru.
 30364 | D:15     | Noticed a fire giant
 30364 | D:15     | Found a staircase to the Depths.
 30379 | D:15     | Reached skill level 15 in Fighting
 30384 | D:15     | Killed a fire giant
 30948 | D:15     | Reached skill level 5 in Shields
 31178 | Swamp:1  | Entered Level 1 of the Swamp
 31826 | Swamp:1  | Reached XP level 16. HP: 72/97 MP: 23/23
 34322 | Swamp:3  | Identified a +1 pair of boots of running (You found it on level 3 of the Swamp)
 34465 | Swamp:3  | Got a pair of scorched boots
 34466 | Swamp:3  | Identified the +0 pair of boots "Ejixt" {+Blink rPois rC- Int+4} (You acquired it on level 3 of the Swamp)
 34909 | Swamp:4  | Entered Level 4 of the Swamp
 35343 | Swamp:4  | Noticed a thorn hunter
 35369 | Swamp:4  | Reached skill level 16 in Fighting
 35979 | Swamp:4  | Reached skill level 10 in Polearms
 36073 | Swamp:4  | Noticed a thorn hunter
 36082 | Swamp:4  | Killed a thorn hunter
 36186 | Swamp:4  | Got a decaying rune of Zot
 36895 | Orc:2    | Reached XP level 17. HP: 86/104 MP: 24/24
 37151 | Orc:2    | Found a roughly hewn altar of Beogh.
 38696 | Orc:1    | Found Cosk's Food Shoppe.
 39008 | Orc:2    | Found Luko's Magic Scroll Emporium.
 39017 | Orc:2    | Found Oskuokh's Magic Scroll Shoppe.
 39044 | Orc:2    | Bought a scroll of teleportation for 42 gold pieces
 39044 | Orc:2    | Bought a scroll of teleportation for 42 gold pieces
 39044 | Orc:2    | Bought a scroll of enchant weapon for 105 gold pieces
 39046 | Orc:2    | Bought a scroll of blinking for 90 gold pieces
 39046 | Orc:2    | Bought a scroll of fog for 24 gold pieces
 39046 | Orc:2    | Bought a scroll of fear for 42 gold pieces
 39046 | Orc:2    | Bought a scroll of fear for 42 gold pieces
 39046 | Orc:2    | Bought a scroll of holy word for 90 gold pieces
 39046 | Orc:2    | Bought a scroll of magic mapping for 42 gold pieces
 39317 | Orc:2    | Found Vugowentyd's Antique Weapon Shop.
 39317 | Orc:2    | Found a one-way gate leading to the halls of Pandemonium.
 39317 | Orc:2    | Found Odestrott's Gadget Boutique.
 39335 | Orc:2    | Bought a blackened morningstar for 252 gold pieces
 39336 | Orc:2    | Identified the cursed +1 morningstar of Ruhav {freeze, *Rage rElec rPois SInv} (You bought it in a shop on level 2 of the Orcish Mines)
 39339 | Orc:2    | Bought a lightning rod (4/4) for 520 gold pieces
 39339 | Orc:2    | Bought a phantom mirror for 390 gold pieces
 39685 | Snake:1  | Entered Level 1 of the Snake Pit
 41165 | Snake:2  | Reached skill level 17 in Fighting
 41590 | Snake:3  | Reached skill level 10 in Shields
 41594 | Snake:3  | Noticed Vashnia
 41646 | Snake:3  | Killed Vashnia
 42140 | Snake:3  | Reached XP level 18. HP: 59/111 MP: 25/25
 42371 | Snake:3  | Got a dazzling chain mail
 42372 | Snake:3  | Identified the +6 chain mail of Death Resistance {*Corrode rElec Int+2 Dex+3 SInv} (You found it on level 3 of the Snake Pit)
 42391 | Snake:3  | Found a glowing silver altar of Zin.
 42829 | Snake:3  | Noticed Bai Suzhen
 42889 | Snake:3  | Killed Bai Suzhen
 43695 | Snake:4  | Entered Level 4 of the Snake Pit
 44159 | Snake:4  | Noticed Louise
 44187 | Snake:4  | Killed Louise
 44953 | Snake:4  | Reached skill level 18 in Fighting
 45482 | Snake:4  | Reached XP level 19. HP: 117/117 MP: 26/26
 46001 | Snake:4  | Got a serpentine rune of Zot
 46471 | Vaults:1 | Entered Level 1 of the Vaults
 46665 | Vaults:1 | Reached skill level 1 in Axes
 48156 | Vaults:1 | Reached XP level 20. HP: 123/123 MP: 27/27
 48396 | Vaults:1 | Reached skill level 19 in Fighting
 49104 | Elf:1    | Entered Level 1 of the Elven Halls
 49880 | Elf:1    | Reached skill level 15 in Armour
 49959 | Elf:1    | Reached skill level 5 in Axes
 51018 | Elf:2    | Found a runed gate.
 51018 | Elf:2    | Found a runed gate.
 51021 | Elf:2    | Found a runed gate.
 51148 | Elf:2    | Gained mutation: Scrolls take you a little longer to read. [a neqoxec]
 51225 | Elf:2    | Noticed Azrael
 51265 | Elf:2    | Killed Azrael
 51838 | Depths:1 | Entered Level 1 of the Depths
 52386 | Depths:1 | Noticed Nikola
 52406 | Depths:1 | Killed Nikola
 53054 | Depths:1 | Reached XP level 21. HP: 104/130 MP: 28/28
 53138 | Depths:1 | Found Jyeqog's Armour Shoppe.
 53146 | Depths:1 | Bought the +2 pair of gloves of Fedhas {rN+ Regen+ Int-3 Dex+2} for 401 gold pieces
 53528 | Depths:1 | Found a gateway to Hell.
 53556 | Depths:1 | Noticed the Enchantress
 53623 | D:15     | Killed the Enchantress
 53636 | D:15     | Got faerie dragon scales
 53640 | D:15     | Identified the +0 faerie dragon scales {rCorr Str+2 Int+4} (You took it off the Enchantress on level 15 of the Dungeon)
 53671 | Depths:1 | Reached skill level 15 in Shields
 53772 | Depths:1 | Found a gateway to a ziggurat.
 54326 | Depths:2 | Reached skill level 20 in Fighting
 54741 | Depths:2 | Found a one-way gate to the infinite horrors of the Abyss.
 55805 | Depths:3 | Noticed Asterion
 55820 | Depths:3 | Killed Asterion
 55861 | Depths:3 | Noticed Mennas
 55941 | Depths:3 | Noticed Mara
 56269 | Vaults:2 | Reached XP level 22. HP: 114/137 MP: 29/29
 56789 | Vaults:2 | Found Fyppy's General Store.
 56796 | Vaults:2 | Bought a scroll of teleportation for 48 gold pieces
 56796 | Vaults:2 | Bought a potion of haste for 160 gold pieces
 57823 | Vaults:3 | Found a staircase to the Crypt.
 58019 | Vaults:3 | Got a smoking arbalest
 58240 | Vaults:3 | Identified the Guide on Hexes and the Voyage
 58297 | Vaults:3 | Reached skill level 10 in Axes
 58994 | Vaults:4 | Reached skill level 21 in Fighting
 59622 | Vaults:4 | Reached XP level 23. HP: 144/144 MP: 30/30
 60056 | Vaults:4 | Got a fine amber ring
 60061 | Vaults:4 | Identified the ring "Tuwnukle" {rC+ Str+6 SInv} (You took it off an ogre mage on level 4 of the Vaults)
 60993 | Elf:3    | Entered Level 3 of the Elven Halls
 61402 | Elf:3    | Noticed rezek's ghost (adept FoFi)
 61434 | Elf:3    | Killed rezek's ghost
 63015 | Elf:3    | Got a shimmering broad axe
 63018 | Elf:3    | Identified the +6 broad axe of Teotum {freeze, Fragile Int+5 Dex+4} (You found it on level 3 of the Elven Halls)
 63431 | Depths:3 | Found Foad Sauca's Jewellery Emporium.
 63453 | Depths:2 | Reached XP level 24. HP: 151/151 MP: 30/30
 63699 | Depths:4 | Reached skill level 22 in Fighting
 64674 | Depths:4 | Noticed a juggernaut
 64703 | Depths:4 | Killed a juggernaut
 65152 | Depths:4 | Learned a level 1 spell: Summon Butterflies
 65459 | Depths:5 | Entered Level 5 of the Depths
 65459 | Depths:5 | Noticed Boris
 65675 | Depths:2 | Killed Mennas
 65859 | Depths:3 | Noticed Aizul
 65874 | Depths:3 | Killed Aizul
 65935 | Depths:3 | Killed Mara
 66292 | Depths:3 | Noticed a juggernaut
 66550 | Depths:3 | Killed a juggernaut
 67063 | Depths:5 | Reached XP level 25. HP: 99/157 MP: 30/30
 67417 | Depths:5 | Noticed a juggernaut
 67427 | Depths:5 | Killed a juggernaut
 67431 | Depths:5 | Noticed Jorgrun
 67442 | Depths:5 | Killed Jorgrun
 67471 | Depths:5 | Found a gate to the Realm of Zot.
 67557 | Depths:5 | Found a glowing silver altar of Zin.
 67557 | Depths:5 | Found a deep blue altar of Sif Muna.
 67558 | Depths:5 | Found a shimmering altar of Xom.
 68067 | Depths:5 | Reached skill level 23 in Fighting
 68314 | Depths:5 | Noticed an ancient lich
 68339 | Depths:5 | Killed an ancient lich
 68414 | Depths:5 | Got a jewelled scale mail
 68417 | Depths:5 | Identified the cursed +0 scale mail of Inviolability {rCorr Str-3 Int+2 Dex+5} (You found it on level 5 of the Depths)
 68608 | Depths:5 | Noticed an ancient lich
 68848 | Depths:5 | Killed an ancient lich
 69078 | Depths:5 | Noticed a juggernaut
 69095 | Depths:5 | Reached skill level 10 in Dodging
 69124 | Depths:5 | Killed a juggernaut
 69157 | Depths:5 | Reached XP level 26. HP: 117/164 MP: 30/30
 69320 | Depths:5 | Got a twisted chain mail
 69323 | Depths:5 | Identified the cursed +0 chain mail of the Falcon {Str+2 Dex+4} (You found it on level 5 of the Depths)
 69579 | Depths:2 | Voluntarily entered the Abyss.
 69662 | Abyss:1  | Found a deep blue altar of Sif Muna.
 70898 | Abyss:2  | Gained mutation: You expend magic power (3 MP) to strengthen your wands. [a neqoxec]
 70907 | Abyss:2  | Gained mutation: You are clumsy. (Dex -2) [a neqoxec]
 71428 | Abyss:2  | Paralysed by accursed screaming for 1 turns
 71979 | Abyss:3  | Noticed an ancient lich
 71998 | Abyss:3  | Killed an ancient lich
 72009 | Abyss:3  | Reached skill level 24 in Fighting
 72030 | Abyss:3  | Got an abyssal rune of Zot
 72277 | Depths:2 | Escaped the Abyss
 72573 | Zot:1    | Entered Level 1 of the Realm of Zot
 72798 | Zot:1    | Reached XP level 27. HP: 168/171 MP: 30/30
 73163 | Zot:1    | Noticed an orb of fire
 73167 | Zot:1    | Gained mutation: You occasionally shout uncontrollably at your foes. [an orb of fire]
 73182 | Zot:1    | Gained mutation: Your magical capacity is low. (-10% MP) [an orb of fire]
 73184 | Zot:1    | Killed an orb of fire
 74895 | Zot:2    | Noticed Tiamat
 75849 | Zot:1    | Killed Tiamat
 77633 | Zot:3    | Reached skill level 25 in Fighting
 79716 | Zot:4    | Noticed an orb of fire
 79738 | Zot:4    | Gained mutation: You are weak. (Str -2) [an orb of fire]
 79740 | Zot:4    | Gained mutation: Armour fits poorly on your strangely shaped body. [an orb of fire]
 79741 | Zot:4    | Killed an orb of fire
 79888 | Zot:4    | Lost mutation: You are clumsy. (Dex -2) [potion of mutation]
 79888 | Zot:4    | Lost mutation: You occasionally shout uncontrollably at your foes. [potion of mutation]
 79888 | Zot:4    | Lost mutation: Your magical capacity is low. (-10% MP) [potion of mutation]
 79888 | Zot:4    | Lost mutation: You are weak. (Str -2) [potion of mutation]
 79888 | Zot:4    | Lost mutation: Armour fits poorly on your strangely shaped body. [potion of mutation]
 79888 | Zot:4    | Lost mutation: Scrolls take you a little longer to read. [potion of mutation]
 79888 | Zot:4    | Gained mutation: Your spells are a little easier to cast, but a little less powerful. [potion of mutation]
 79888 | Zot:4    | Gained mutation: You are agile. (Dex +2) [potion of mutation]
 79888 | Zot:4    | Lost mutation: Your spells are a little easier to cast, but a little less powerful. [potion of mutation]
 79902 | Zot:5    | Entered Level 5 of the Realm of Zot
 80396 | Zot:5    | Noticed tidbits's ghost (veteran DgWn)
 80495 | Zot:5    | Killed tidbits's ghost
 80769 | Zot:5    | Noticed an ancient lich
 80779 | Zot:5    | Killed an ancient lich
 80785 | Zot:5    | Noticed an orb of fire
 80910 | Zot:5    | Killed an orb of fire
 81251 | Zot:5    | Paralysed by the power of Zot for 2 turns
 81788 | Zot:5    | Noticed an orb of fire
 81792 | Zot:5    | Gained mutation: You are resistant to hostile enchantments. (MR+) [an orb of fire]
 81793 | Zot:5    | Gained mutation: Your magical capacity is low. (-10% MP) [an orb of fire]
 81801 | Zot:5    | Gained mutation: You are frail. (-10% HP) [an orb of fire]
 81804 | Zot:5    | Killed an orb of fire
 81851 | Zot:5    | Noticed an orb of fire
 81867 | Zot:5    | Gained mutation: You occasionally shout uncontrollably at your foes. [an orb of fire]
 81877 | Zot:5    | Killed an orb of fire
 81882 | Zot:5    | Reached skill level 26 in Fighting
 82635 | Zot:5    | Noticed an orb of fire
 82650 | Zot:5    | Killed an orb of fire
 82887 | Zot:5    | Reached skill level 15 in Dodging
 83302 | Zot:5    | Noticed an ancient lich
 83313 | Zot:5    | Killed an ancient lich
 83643 | Zot:5    | Noticed an ancient lich
 83658 | Zot:5    | Killed an ancient lich
 84852 | Zot:5    | Got the Orb of Zot
 84866 | Zot:5    | Noticed Koneixt the pandemonium lord
 85372 | Depths:4 | Noticed a seraph
 85774 | D:$      | Escaped with the Orb!

Skill      XL: |  1  2  3  4  5  6  7  8  9 10 11 12 13 14 15 16 17 18 19 20 21 22 23 24 25 26 27 |
---------------+----------------------------------------------------------------------------------+-----
Armour         | 1 2 3 4 6 7 9 10 11 12 13 14 15 17 18 19 20 21 24 | 24.5
Dodging        | 3 4 5 6 7 8 10 11 15 | 15.7
Fighting       | 4 5 6 8 9 10 11 13 14 15 16 17 18 19 20 21 22 23 24 26 | 26.6
Maces & Flails | 4 5 6 7 8 10 11 12 13 | 13.5
Shields        | 4 5 8 10 12 13 14 15 17 18 19 20 21 24 | 24.1
Invocations    | 5 8 9 10 | 10.1
Polearms       | 7 10 12 14 | 14.9
Axes           | 3 6 8 10 11 12 | 12.7
Stealth        | |  2.1

Action                   |  1- 3 |  4- 6 |  7- 9 | 10-12 | 13-15 | 16-18 | 19-21 | 22-24 | 25-27 || total
-------------------------+-------+-------+-------+-------+-------+-------+-------+-------+-------++-------
Melee: Mace              |   111 |   109 |       |       |       |       |       |       |       ||   220
       Flail             |       |    43 |   370 |    38 |       |       |       |       |       ||   451
       Morningstar       |       |       |       |   709 |  1249 |       |       |       |       ||  1958
       Demon trident     |       |       |       |       |   530 |  1707 |  1806 |  1776 |  2618 ||  8437
       Broad axe         |       |       |       |       |       |       |       |    19 |       ||    19
       Trishula          |       |       |       |       |       |       |       |       |   594 ||   594
Invok: Ancestor Life: He |       |     1 |       |       |       |       |       |       |       ||     1
       Ancestor Identity |       |     1 |       |       |       |       |       |       |       ||     1
       Recall Ancestor   |       |       |     1 |       |     1 |    10 |    11 |    10 |    22 ||    55
       Idealise          |       |       |       |       |     1 |     1 |     4 |     8 |    19 ||    33
       Transference      |       |       |       |       |       |       |     1 |       |       ||     1
 Abil: Fly               |       |       |       |       |     1 |       |     3 |     1 |     3 ||     8
       Stop Flying       |       |       |       |       |       |       |     4 |     1 |     2 ||     7
Evoke: Wand              |       |       |     1 |     2 |    22 |       |     3 |     1 |     8 ||    37
       Lightning rod     |       |       |       |       |       |     2 |       |       |       ||     2
  Use: Scroll            |     4 |     8 |     6 |    13 |    18 |    18 |     3 |     7 |    20 ||    97
       Potion            |       |       |     2 |     1 |     4 |     8 |     2 |       |    10 ||    27
 Stab: Sleeping          |     4 |     2 |       |       |       |       |       |       |       ||     6
       Distracted        |     1 |     1 |     7 |    11 |    17 |    15 |    14 |    20 |    36 ||   122
       Confused          |       |     1 |     6 |     5 |    15 |     6 |    54 |    52 |    85 ||   224
       Paralysed         |       |       |     5 |     4 |    39 |    46 |    61 |    75 |   118 ||   348
       Petrified         |       |       |       |       |     1 |       |       |       |       ||     1
       Invisible         |       |       |       |       |       |       |       |       |     4 ||     4
  Eat: Chunk             |     2 |     7 |    13 |    15 |    66 |    42 |    37 |    34 |    59 ||   275
       Fruit             |       |     2 |       |       |     5 |       |       |       |       ||     7
       Royal jelly       |       |       |     2 |     1 |     2 |       |       |       |       ||     5
       Meat ration       |       |       |       |     1 |       |       |       |       |       ||     1
       Bread ration      |       |       |       |     1 |       |       |       |       |       ||     1
Armor: Robe              |    45 |    34 |       |       |       |       |       |       |       ||    79
       Chain mail        |       |    13 |   240 |       |       |       |       |       |       ||   253
       Scale mail        |       |    11 |       |       |       |       |       |       |       ||    11
       Plate armour      |       |       |    17 |   569 |  1137 |   996 |   613 |   491 |   485 ||  4308
       Gold dragon scale |       |       |       |       |       |       |       |       |   490 ||   490
Dodge: Dodged            |    73 |   109 |   195 |   332 |   681 |   446 |   299 |   221 |   508 ||  2864
Block: Buckler           |       |       |       |   126 |   358 |       |       |       |       ||   484
       Shield            |       |       |       |       |    64 |   963 |   527 |       |       ||  1554
       Large shield      |       |       |       |       |       |       |   335 |  1200 |  2191 ||  3726
